 Dungeon Crawl Stone Soup version 0.32-a0-913-g739538afd8 (webtiles) character file.

Game seed: 10248653636159863016

620 VerbalBBQ the Shield-Bearer (level 7, -4/55 HPs)
             Began as a Formicid Fighter on Apr 9, 2024.
             Was an Initiate of Okawaru.
             Slain by Duvessa
             ... wielding a +0 short sword
              (11 damage)
             ... on level 5 of the Dungeon.
             The game lasted 00:16:03 (3538 turns).

VerbalBBQ the Shield-Bearer (Formicid Fighter)      Turns: 3538, Time: 00:16:03

Health: -4/55      AC:  8    Str: 28    XL:     7   Next: 75%
Magic:  7/7        EV:  8    Int:  8    God:    Okawaru [......]
Gold:   325        SH:  5    Dex: 13    Spells: 6/6 levels left

rFire   . . .        d - +0 scythe
rCold   . . .        c - +0 buckler
rNeg    . . .        b - +0 scale mail
rPois   +            (helmet unavailable)
rElec   .            (no cloak)
rCorr   .            s - +0 pair of gloves
SInv    +            (no boots)
Will    .....        (no amulet) Stlth
                     i - ring of poison resistance
HPRegen 0.29/turn    u - +6 ring of strength
MPRegen 0.10/turn

%: no passive effects
@: lit by a corona, glowing
A: permanent stasis, dig shafts and tunnels, antennae 3, four strong arms
a: Dig, Shaft Self, Renounce Religion


You were on level 5 of the Dungeon.
You worshipped Okawaru.
Okawaru was noncommittal.
You visited 1 branch of the dungeon, and saw 5 of its levels.

You collected 325 gold pieces.

Inventory:

Hand Weapons
 a - a +0 trident
 d - a +0 scythe (weapon)
Missiles
 p - 8 poisoned darts
Armour
 b - a +0 scale mail (worn)
 c - a +0 buckler (worn)
 s - a +0 pair of gloves (worn)
Jewellery
 i - a ring of poison resistance (left hand)
 q - a ring of fire
 u - a +6 ring of strength (right hand)
Talismans
 l - a flux talisman
Wands
 r - a wand of light (11)
Scrolls
 g - 2 scrolls of revelation {unknown}
 k - a scroll of acquirement {unknown}
 n - a scroll of fear {unknown}
 o - a scroll of identify
Potions
 e - a potion of attraction {unknown}
 f - 2 potions of invisibility {unknown}
 j - 3 potions of lignification
 m - 2 potions of curing {unknown}
 t - a potion of degeneration {unknown}
 v - a potion of ambrosia {unknown}


   Skills:
 + Level 4.9 Fighting
 * Level 5.1 Polearms
 + Level 4.9 Armour
 - Level 5.8 Shields
 + Level 0.4 Invocations
 + Level 2.1 Evocations


You had 6 spell levels left.
You didn't know any spells.
Your spell library contained the following spells:

 Spells                   Type           Power      Damage    Failure   Level
 Sandblast                Erth           0%         2d4       71%         1
 Frozen Ramparts          Ice            0%         1d1       97%         3
 Fugue of the Fallen      Necr           0%         N/A       97%         3
 Ozocubu's Armour         Ice            0%         N/A       97%         3
 Stone Arrow              Conj/Erth      0%         3d7       97%         3
 Brom's Barrelling Bould  Conj/Erth      0%         2d3       100%        4
 Arcjolt                  Conj/Air       0%         1d10      100%        5
 Metabolic Englaciation   Hex/Ice        0%         N/A       100%        5
 Manifold Assault         Tloc           0%         N/A       100%        7
 Lehudib's Crystal Spear  Conj/Erth      0%         10d2      100%        8
 Maxwell's Capacitive Co  Air            0%         ∞         100%        8
 Maxwell's Portable Pile  Tloc           Unusable   2d(5-13)  N/A         3
 Animate Armour           Summ/Erth      Unusable   N/A       N/A         4

Dungeon Overview and Level Annotations

Branches:
Dungeon (5/15)
 Temple: D:4-7

Altars:
Ashenzari
Gozag
Hepliaklqana
Okawaru
Qazlal
Trog
Yredelemnul

Annotations:
D:3 1 runed translucent door, Crazy Yiuf
D:5 Duvessa


Innate Abilities, Weirdness & Mutations

You cannot be hasted, slowed, berserked, paralysed or teleported.
You can dig through walls and to a lower floor.
You have a pair of large antennae on your head. (SInv)
Your four strong arms can wield two-handed weapons with a shield.


Message History

Dowan casts a spell at you. The puff of flame hits you!
You are too injured to fight recklessly!
You feel much better. Dowan hits you but does no damage.
You hit Dowan.
You kill Dowan!
Okawaru accepts your kill.
Duvessa screams, "No!
How DARE you!"
Duvessa goes berserk!
Duvessa rages.
You block Duvessa's attack.
You puncture Duvessa!
Duvessa is lightly wounded.
Duvessa hits you but does no damage. Duvessa hits you with a +0 short sword!
You slash Duvessa!
Duvessa is moderately wounded.
Duvessa hits you with a +0 short sword! Duvessa barely misses you.
You hit Duvessa.
Duvessa is heavily wounded.
Duvessa hits you but does no damage. You block Duvessa's attack.
You hit Duvessa.
Duvessa is heavily wounded.
Duvessa hits you with a +0 short sword! Duvessa closely misses you.
You hit Duvessa but do no damage.
Duvessa is heavily wounded.
Duvessa hits you with a +0 short sword.
You hit Duvessa.
Duvessa is heavily wounded.
You block Duvessa's attack. Duvessa hits you with a +0 short sword.
You slash Duvessa!
Duvessa is almost dead.
Duvessa barely misses you. Duvessa hits you with a +0 short sword!
* * * LOW HITPOINT WARNING * * *
Okay, then.
You barely miss Duvessa.
Duvessa is almost dead.
Duvessa hits you with a +0 short sword.
* * * LOW HITPOINT WARNING * * *
Duvessa hits you with a +0 short sword!
You die...

###.....###
##....ß....### .
......#......### ##..
....ß###ß...†._# #..
......#......###...
##....ß....###.#e#
###.....###...'.#
#.....#.....####.####
##...#####..e@.......
#...#.# #.######.###
##.##.# #.# #.#..#
#.# ###.
#'#..###'###...
#............#
###...........##
#<#..........(####
#.##..............


You could see Duvessa (berserk).

Vanquished Creatures
  Sigmund (D:5)
  A water moccasin (D:5)
  Dowan (D:5)
  A hound (D:4)
  An iguana (D:5)
  Terence (D:3)
  Natasha (thrice) (D:2)
  4 adders
  3 gnolls (D:4)
  A white imp (D:4)
  A dart slug (D:3)
  A ribbon worm (D:3)
  2 orcs (D:3)
  7 endoplasms
  5 giant cockroaches
  3 goblins
  8 hobgoblins
  7 kobolds
  5 quokkas
  8 ball pythons
  8 bats
  4 frilled lizards
  10 rats
86 creatures vanquished.

Notes
Turn   | Place    | Note
-------+----------+-------------------------------------------
     0 | D:1      | VerbalBBQ the Formicid Fighter began the quest for the Orb.
     0 | D:1      | Reached XP level 1. HP: 18/18 MP: 1/1
   155 | D:1      | Reached XP level 2. HP: 7/24 MP: 2/2
   472 | D:1      | Reached XP level 3. HP: 29/29 MP: 3/3
   758 | D:2      | Noticed Natasha
   762 | D:2      | Killed Natasha
   763 | D:2      | Reached XP level 4. HP: 33/37 MP: 4/4
  1018 | D:2      | Noticed Natasha
  1027 | D:2      | Killed Natasha
  1250 | D:2      | Noticed Natasha
  1256 | D:2      | Killed Natasha
  1257 | D:2      | Reached XP level 5. HP: 32/42 MP: 5/5
  1435 | D:2      | Identified the +5 whip of Grandeur {antimagic, rElec Str+3
                  | Int-5}
  1839 | D:3      | Found an opulent altar of Gozag.
  2045 | D:3      | Found a runed translucent door.
  2046 | D:3      | Noticed Crazy Yiuf
  2308 | D:3      | Noticed Terence
  2326 | D:3      | Killed Terence
  2327 | D:3      | Reached skill level 5 in Shields
  2695 | D:4      | Found a stormy altar of Qazlal.
  2785 | D:4      | Reached XP level 6. HP: 48/48 MP: 6/6
  2829 | D:4      | Found a broken altar of Ashenzari.
  2922 | D:4      | Found a bloodstained altar of Trog.
  3408 | D:5      | Entered Level 5 of the Dungeon
  3410 | D:5      | Noticed Sigmund
  3416 | D:5      | Killed Sigmund
  3417 | D:5      | Reached skill level 1 in Evocations
  3417 | D:5      | Reached XP level 7. HP: 55/55 MP: 7/7
  3417 | D:5      | Noticed a water moccasin
  3436 | D:5      | Killed a water moccasin
  3465 | D:5      | Found a hazy altar of Hepliaklqana.
  3468 | D:5      | Found an iron altar of Okawaru.
  3477 | D:5      | Reached skill level 5 in Polearms
  3488 | D:5      | Became a worshipper of Warmaster Okawaru
  3493 | D:5      | Found a basalt altar of Yredelemnul.
  3520 | D:5      | Noticed Duvessa
  3520 | D:5      | Noticed Dowan
  3530 | D:5      | Killed Dowan
  3538 | D:5      | Slain by Duvessa

Illustrated notes

Levels and vault maps discovered:
D:1:      lightli_arrival_quake, layout_loops_ring
D:2:      layout_basic, uniq_natasha
D:3:      layout_loops_ring, nicolae_gozag_cash_rules_everything_around_me,
          uniq_terence, uniq_crazy_yiuf_cottage
D:4:      layout_loops_cross, lemuel_coloured_pillars_altar, old_standard_altar,
          mainiacjoe_overflow_24_doors
D:5:      layout_basic, minmay_overflow_temple_star_quad, temple_hall,
          portal_sewer_entry_b, small_statue_intersection,
          nicolae_figureground_pulse, uniq_duvessa, uniq_sigmund

Skill      XL: |  1  2  3  4  5  6  7 |
---------------+----------------------+-----
Polearms       | 3 4 5 |  5.1
Fighting       | 4 |  4.9
Armour         | 4 |  4.9
Shields        | 5 |  5.8
Evocations     | 1 2 |  2.1
Invocations    | |  0.4

Action                     |  1- 3 |  4- 6 |  7- 9 || total
---------------------------+-------+-------+-------++-------
  Melee: Trident           |    92 |   223 |       ||   315
         Halberd           |       |       |    34 ||    34
Ability: Dig               |       |     4 |       ||     4
    Use: Scroll            |     4 |       |       ||     4
         Potion            |       |     1 |     1 ||     2
 Armour: Scale mail        |    66 |   147 |    30 ||   243
  Dodge: Dodged            |    29 |    71 |    10 ||   110
  Block: Buckler           |    21 |    57 |    11 ||    89

Table legend: (Time is in decaauts)
 A = Elapsed time spent in this place.
 B = Non-inter-level travel time spent in this place.
 C = Inter-level travel time spent in this place.
 D = Time resting spent in this place.
 E = Time spent auto-exploring this place.
 F = Levels seen in this place.
 G = Mean time per level.
                   A        B        C        D        E       F      G
               +--------+--------+--------+--------+--------+-----+--------+
         Total |   3599 |   3142 |    457 |     91 |    446 |   5 |  719.8 |
       Dungeon |   3599 |   3142 |    457 |     91 |    446 |   5 |  719.8 |
               +--------+--------+--------+--------+--------+-----+--------+

Top non-repeatable levels by time:
     D:2: 1010 daAuts
     D:3: 918 daAuts
     D:4: 831 daAuts
     D:1: 699 daAuts
     D:5: 138 daAuts
